 Dungeon Crawl Stone Soup version 0.31-a0-1161-g593ecc88b7 (webtiles) character file.

Game seed: 8715748018323304416

21717 kae the Covert (level 12, -9/91 HPs)
             Began as a Demonspawn Enchanter on Dec 8, 2023.
             Was an Elder of Dithmenos.
             Mangled by a komodo dragon (19 damage)
             ... on level 2 of the Lair of Beasts.
             The game lasted 00:14:22 (14036 turns).

kae the Covert (Demonspawn Enchanter)              Turns: 14036, Time: 00:14:23

Health: -9/91      AC: 29    Str:  8    XL:     12   Next: 56%
Magic:  20/22      EV: 11    Int: 16    God:    Dithmenos [****..]
Gold:   490        SH:  9    Dex: 19    Spells: 13/24 levels left

rFire   . . .        x - +9 quick blade "Jellyslayer" {heavy, rElec rPois rCorr, rare}
rCold   + . .        (no shield)
rNeg    . . .        X - +4 chain mail of Qiekhlaxim {Slay+5}
rPois   +            k - +1 helmet
rElec   +            M - +0 cloak
rCorr   +            (no gloves)
SInv    .            (no boots)
Will    .....        q - amulet of reflection
Stlth   +++          E - +5 ring of evasion
HPRegen 0.35/turn    O - +4 ring of protection
MPRegen 0.18/turn

%: reflection
@: very slightly contaminated, wreathed by umbra
A: icy blue scales 3, icemail 1, condensation shield, demonic touch 2
a: Renounce Religion, Shadow Step


You were on level 2 of the Lair of Beasts.
You worshipped Dithmenos.
Dithmenos was greatly pleased with you.
You visited 3 branches of the dungeon, and saw 14 of its levels.
You also visited: Bailey.

You collected 707 gold pieces.
You spent 217 gold pieces at shops.


Innate Abilities, Weirdness & Mutations

You are completely covered in icy blue scales. (AC +4, rC+)
A meltable icy envelope protects you from harm. (AC +4)
A meltable shield of frost defends you. (SH +4)
Your touch may inflict irresistible damage on your foes.


   Skills:
 + Level 7.1 Fighting
 * Level 9.0 Short Blades
 * Level 6.3 Armour
 + Level 3.7 Dodging
 * Level 10.3 Stealth
 + Level 1.9 Shields
 + Level 6.8 Spellcasting
 + Level 7.6 Hexes
 - Level 5.0 Ice Magic
 + Level 4.2 Invocations


You had 13 spell levels left.
You knew the following spells:

 Your Spells              Type           Power      Damage    Failure   Level
a - Ensorcelled Hibernat  Hex/Ice        50%        N/A       58%         2
b - Confusing Touch       Hex            30%        N/A       65%         3
c - Tukima's Dance        Hex            30%        N/A       65%         3
d - Dazzling Flash        Conj/Hex       34%        N/A       99%         3

Your spell library contained the following spells:

 Spells                   Type           Power      Damage    Failure   Level
 Jinxbite                 Hex            60%        N/A       41%         2
 Ozocubu's Armour         Ice            21%        N/A       95%         3
 Apportation              Tloc           10%        N/A       100%        1
 Poisonous Vapours        Pois/Air       10%        N/A       100%        2
 Wereblood                Tmut           5%         N/A       100%        2
 Mephitic Cloud           Conj/Pois/Air  5%         N/A       100%        3
 Summon Ice Beast         Ice/Summ       13%        N/A       100%        4
 Alistair's Intoxication  Tmut/Pois      3%         N/A       100%        5
 Freezing Cloud           Conj/Ice/Air   5%         6-21      100%        5
 Irradiate                Conj/Tmut      2%         3d12      100%        5
 Summon Mana Viper        Hex/Summ       17%        N/A       100%        5
 Monstrous Menagerie      Summ           2%         N/A       100%        7
 Ozocubu's Refrigeration  Ice            10%        4d9       100%        7

Inventory:

Hand Weapons
 a - a +1 dagger of venom
 r - a +0 dagger of venom
   (You took it off an orc on level 5 of the Dungeon)
 x - the +9 quick blade "Jellyslayer" (weapon) {heavy, rElec rPois rCorr, rare}
   (You acquired it on level 9 of the Dungeon)

   rElec:     It insulates you from electricity.
   rPois:     It protects you from poison rCorr: It protects you from acid and
   corrosion.
 R - a +3 dagger
   (You found it in a bailey)
Missiles
 f - 147 stones
 o - 2 curare-tipped darts {=f}
 p - 2 throwing nets {=f!f}
 s - 61 poisoned darts
 y - 11 boomerangs
Armour
 b - a +0 robe
 k - a +1 helmet (worn)
   (You found it on level 3 of the Dungeon)
 D - the +1 scale mail of Activism {rElec rN+ Str+2 Dex+2}
   (You found it on level 7 of the Dungeon)

   Str+2:     It affects your strength (+2).
   Dex+2:     It affects your dexterity (+2).
   rElec:     It insulates you from electricity.
   rN+:       It protects you from negative energy.
 J - +0 steam dragon scales
   (You found it on level 8 of the Dungeon)
 M - a +0 cloak (worn)
   (You found it in a bailey)
 U - a +0 buckler
   (You found it on level 1 of the Lair of Beasts)
 V - the +1 buckler of Beogh, Hungering {rElec Stlth+}
   (You found it on level 2 of the Lair of Beasts)

   rElec:     It insulates you from electricity.
   Stlth+:    It makes you more stealthy.
 X - the +4 chain mail of Qiekhlaxim (worn) {Slay+5}
   (You found it on level 2 of the Lair of Beasts)

   Slay+5:    It affects your accuracy & damage with ranged weapons and melee
   (+5).
Magical Staves
 Q - a staff of air {!a}
   (You found it on level 10 of the Dungeon)
Jewellery
 q - an amulet of reflection (around neck)
   (You found it on level 4 of the Dungeon)
 C - a ring of ice
   (You found it on level 6 of the Dungeon)
 E - a +5 ring of evasion (left hand)
   (You found it on level 8 of the Dungeon)
 N - a ring of positive energy
   (You took it off an orc priest on level 11 of the Dungeon)
 O - a +4 ring of protection (right hand)
   (You took it off a kobold brigand on level 8 of the Dungeon)
 T - an amulet of faith {!P}
   (You found it on level 3 of the Dungeon)
Wands
 n - a wand of flame (26)
   (You took it off Ijyb on level 3 of the Dungeon)
 t - a wand of polymorph (10)
   (You found it on level 5 of the Dungeon)
 u - a wand of mindburst (3)
   (You found it on level 5 of the Dungeon)
 w - a wand of charming (13)
   (You took it off Jeremiah on level 7 of the Dungeon)
 S - a wand of digging (3)
   (You found it on level 11 of the Dungeon)
Scrolls
 h - a scroll of blinking {!r}
 l - a scroll of vulnerability {!r!r}
 v - 5 scrolls of teleportation {@r4}
 F - 3 scrolls of fear
 G - 2 scrolls of enchant weapon
 I - a scroll of immolation {!r!r}
 K - 2 scrolls of identify {@r1}
 L - 3 scrolls of revelation
 P - a scroll of brand weapon
Potions
 c - a potion of invisibility
 d - 5 potions of haste {@q3}
 e - 4 potions of lignification {!q}
 g - 5 potions of curing {@q1}
 i - 6 potions of attraction {!q}
 j - a potion of mutation {!q}
 m - a potion of berserk rage {!q}
 z - a potion of degeneration {!q}
 A - 3 potions of brilliance
 B - 3 potions of ambrosia
 H - a potion of heal wounds {@q2}
 W - a potion of magic {unknown}

Dungeon Overview and Level Annotations

Branches:
Dungeon (11/15) Zot: 26253  Temple (1/1) D:5 Zot: 5981    Lair (2/5) D:10 Zot: 10003
    Orc (0/2) D:11         Bailey (visited)
  Swamp: Lair:2-3    Shoals: Lair:2-3     Snake: Lair:2-3    Spider: Lair:2-3

Altars:
Ashenzari
Cheibriados
Dithmenos
Fedhas
Gozag
Hepliaklqana
Kikubaaqudgha
Makhleb
Nemelex Xobeh
Okawaru
Qazlal
Ru
Sif Muna
Trog
Uskayaw
Vehumet
Wu Jian
Xom
Yredelemnul

Shops:
D:5 [?

Annotations:
Lair:1 3 runed translucent doors, Teacamy's ghost, journeyman MiBe

........###.....##
..)......###.....#
##.....#.#####...##
##.....#.##.......###
###...............#.##
P##..#...P.........#.#
...#...>.#....###....#
..####.........l.....###
.... #....#....#@......#
.............†.h#......#
....#.#.##..##.†#......#
.# ##. ##..#....## #.
........# #l ##.....##
...### .#.# ####


You could see a komodo dragon and a wolf.


Message History

You hit the komodo dragon.
You touch the komodo dragon!
The wolf barely misses you. The komodo dragon bites you!
The komodo dragon hisses menacingly.
The wolf barely misses you.
You hit the komodo dragon but do no damage.
You puncture the komodo dragon!
You kill the komodo dragon!
Dithmenos accepts your kill. You block the wolf's attack.
The wolf barely misses you.
The komodo dragon bites you but does no damage.
There are monsters nearby!
You puncture the komodo dragon! You closely miss the komodo dragon.
You block the wolf's attack. The wolf bites you but does no damage.
The komodo dragon bites you! The komodo dragon barely misses you.
The komodo dragon closely misses you.
You are too injured to fight recklessly!
There are monsters nearby! 😮 HP[-25]
You take 25 damage, and now have 63/91 hp.
MASSIVE DAMAGE!! (PAUSE)
You hit the komodo dragon. Your touch misses the komodo dragon.
You hit the komodo dragon but do no damage.
The wolf bites you but does no damage. x2
The komodo dragon bites you but does no damage. x2
The komodo dragon bites you! 😮 HP[-16]
You take 16 damage, and now have 47/91 hp.
Unknown command.
You hit the komodo dragon but do no damage.
You puncture the komodo dragon!
You touch the komodo dragon!
The wolf closely misses you. The wolf bites you but does no damage.
You block the komodo dragon's attack. The komodo dragon bites you.
The komodo dragon closely misses you. 😮 HP[-1]
You take 1 damage, and now have 46/91 hp.
Unknown command.
You hit the komodo dragon.
You touch the komodo dragon!
You puncture the komodo dragon!
You kill the komodo dragon!
Dithmenos accepts your kill. You block the wolf's attack.
The komodo dragon bites you.
* * * LOW HITPOINT WARNING * * *
The komodo dragon bites you!
* * * LOW HITPOINT WARNING * * *
The wolf bites you but does no damage.
Unknown command. 😨 HP[-19]
You take 19 damage, and now have 27/91 hp.
MASSIVE DAMAGE!! (PAUSE) Unknown command.
You impale the komodo dragon!!
You touch the komodo dragon!
You puncture the komodo dragon!
You touch the komodo dragon!
You kill the komodo dragon!
Dithmenos accepts your kill. The wolf misses you.
You block the komodo dragon's attack.
The wolf bites you but does no damage. 😨 HP[+1]
The wolf bites you.
* * * LOW HITPOINT WARNING * * *
The komodo dragon closely misses you. The wolf closely misses you.
You see here a komodo dragon corpse.
Unknown command. 😨 HP[-2]
You take 2 damage, and now have 26/91 hp.
You puncture the komodo dragon! You hit the komodo dragon.
Your touch misses the komodo dragon. You block the wolf's attack.
The komodo dragon bites you!
* * * LOW HITPOINT WARNING * * *
The komodo dragon barely misses you.
Unknown command. 😱 HP[-11]
You take 11 damage, and now have 15/91 hp.
You puncture the komodo dragon!
You touch the komodo dragon!
Your punch misses the komodo dragon. You hit the komodo dragon.
You kill the komodo dragon!
Dithmenos accepts your kill. You block the wolf's attack.
The komodo dragon bites you!
* * * LOW HITPOINT WARNING * * *
😱 HP[-6]
You take 6 damage, and now have 9/91 hp.
The wolf attacks as it pursues you! The wolf barely misses you.
Unknown command.
You miss the wolf. You puncture the wolf! The wolf closely misses you.
The wolf bites you but does no damage. 😱 HP[+1]
Casting: Ensorcelled Hibernation (dangerous; 58% risk of failure)
Confirm with . or Enter, or press ? or * to list all spells.
Aiming: Ensorcelled Hibernation (dangerous; 58% risk of failure)
Press: ? - help, Shift-Dir - straight line, f - wolf
Aim: a wolf (moderately wounded, umbra, chance to affect: 56%)
You miscast Ensorcelled Hibernation.
You are very lightly contaminated with residual magic.
Nothing appears to happen.
The wolf barely misses you. You block the wolf's attack. 😱 MP[-2]
You lost 2 mp, and now have 20/22 mp.
You puncture the wolf! Your touch misses the wolf.
You hit the wolf but do no damage. The wolf bites you but does no damage.
The komodo dragon bites you!!
You die...

Skill      XL: |  1  2  3  4  5  6  7  8  9 10 11 12 |
---------------+-------------------------------------+-----
Short Blades   | 1 2 3 5 6 7 8 9 |  9.0
Stealth        | 3 4 5 6 7 8 9 10 | 10.3
Ice Magic      | 1 2 3 5 |  5.0
Fighting       | 1 2 3 4 5 6 7 |  7.1
Spellcasting   | 3 4 5 6 |  6.8
Hexes          | 4 5 6 7 |  7.6
Armour         | 3 5 6 |  6.3
Dodging        | 3 |  3.7
Invocations    | 3 4 |  4.2
Shields        | 1 |  1.9

Action                     |  1- 3 |  4- 6 |  7- 9 | 10-12 || total
---------------------------+-------+-------+-------+-------++-------
  Melee: Dagger            |   215 |   168 |   237 |   277 ||   897
         Punch             |     1 |       |     3 |    10 ||    14
         Touch             |       |       |    35 |   132 ||   167
         Quick blade       |       |       |       |   438 ||   438
   Cast: Ensorcelled Hiber |    13 |    17 |    27 |    26 ||    83
         Confusing Touch   |       |     1 |     4 |     1 ||     6
  Evoke: Wand              |       |       |     7 |     3 ||    10
    Use: Scroll            |     1 |     4 |     9 |     9 ||    23
         Potion            |       |     1 |       |     2 ||     3
   Stab: Sleeping          |    18 |    17 |    29 |    28 ||    92
         Invisible         |       |     1 |       |       ||     1
         Confused          |       |     1 |     3 |     1 ||     5
         Distracted        |       |       |       |     4 ||     4
 Armour: Robe              |   104 |    78 |   159 |    21 ||   362
         Steam dragon scal |       |       |       |    54 ||    54
         Scale mail        |       |       |       |   191 ||   191
         Chain mail        |       |       |       |    24 ||    24
  Dodge: Dodged            |   126 |    76 |   149 |   351 ||   702
  Block: Other             |    36 |    27 |    98 |   159 ||   320
         Reflection        |       |       |       |     5 ||     5
         Buckler           |       |       |       |    63 ||    63

Levels and vault maps discovered:
D:1:      heliophobic_arrival_battle_scene, layout_loops_cross,
          hellmonk_ecumenical_altar_leap_of_faith, minmay_misc_feat_chi
D:2:      layout_rooms, basic_altar, minmay_vboxes
D:3:      kennysheep_goblin_castle, layout_loops_ring, cheibrodos_gnoll_hut
D:4:      layout_basic, hangedman_minor_gate_pass
D:5:      cheibrodos_two_vegetables, layout_loops_ring, slow_altar_2,
          minmay_temple_entry_slanted, serial_shops, shop, grunt_ministairs_12,
          columned_hall_lemuel, nicolae_inconvenience_store,
          grunt_decor_mini_mirrors, uniq_menkaure
D:6:      layout_cave_pools, uniq_pikel
D:7:      layout_basic, uniq_jeremiah
D:8:      layout_basic, kennysheep_generic_room_5, uniq_prince_ribbit1
D:9:      layout_loops_ring, kennysheep_little_box,
          mainiacjoe_overflow_alcove_4, enter_bailey_3
D:10:     layout_basic, grunt_gozag_statues, lair_entry_dummy,
          lemuel_flamethrower_2
D:11:     layout_irregular_city, orc_0_dummy
Temple:   nicolae_temple_no_exploring_needed
Lair:1:   layout_small_grid, gammafunk_ghost_necromancy, minivault_11
Lair:2:   layout_misc_corridors, beast_lair_carwin_4, serial_bayou_shore_b,
          grunt_megastairs_3

Notes
Turn   | Place    | Note
-------+----------+-------------------------------------------
     0 | D:1      | kae the Demonspawn Enchanter began the quest for the Orb.
     0 | D:1      | Reached XP level 1. HP: 13/13 MP: 3/3
     0 | D:1      | magus.rc [v1.11.3]
    63 | D:1      | Found a faded altar of an unknown god.
   115 | D:1      | Reached skill level 1 in Short Blades
   217 | D:1      | Gained mutation: A meltable shield of frost defends you.
                  | (SH +4) [demonic ancestry]
   217 | D:1      | Reached XP level 2. HP: 20/20 MP: 5/5
   220 | D:1      | Learned a level 2 spell: Ensorcelled Hibernation
   442 | D:1      | Reached skill level 3 in Stealth
   688 | D:1      | Gained mutation: A meltable icy envelope protects you from
                  | harm. (AC +4) [demonic ancestry]
   688 | D:1      | Reached XP level 3. HP: 15/25 MP: 6/6
   692 | D:1      | Learned a level 3 spell: Confusing Touch
  1182 | D:2      | Reached skill level 1 in Ice Magic
  1660 | D:3      | Gained mutation: You are partially covered in icy blue
                  | scales. (AC +2) [demonic ancestry]
  1660 | D:3      | Reached XP level 4. HP: 31/31 MP: 7/7
  1989 | D:3      | Reached skill level 1 in Fighting
  2306 | D:3      | Reached skill level 2 in Short Blades
  2322 | D:3      | Noticed Ijyb
  2348 | D:3      | Killed Ijyb
  2360 | D:3      | Gained mutation: You are mostly covered in icy blue scales.
                  | (AC +3) [demonic ancestry]
  2360 | D:3      | Reached XP level 5. HP: 37/37 MP: 2/8
  2422 | D:3      | You add the spells Ozocubu's Armour and Ozocubu's
                  | Refrigeration to your library.
  2566 | D:3      | Reached skill level 2 in Ice Magic
  2663 | D:4      | Learned a level 3 spell: Tukima's Dance
  2695 | D:4      | You pick up a book of Vapours and begin reading...
  2695 | D:4      | You add the spells Poisonous Vapours, Mephitic Cloud and
                  | Freezing Cloud to your library.
  2852 | D:4      | Noticed an ogre
  2864 | D:4      | Killed an ogre
  2865 | D:4      | Reached skill level 4 in Stealth
  2865 | D:4      | Reached XP level 6. HP: 36/44 MP: 6/9
  3240 | D:4      | Reached skill level 2 in Fighting
  3318 | D:4      | Reached skill level 3 in Short Blades
  3528 | D:5      | Entered Level 5 of the Dungeon
  3538 | D:5      | Found a staircase to the Ecumenical Temple.
  3546 | D:5      | Noticed Menkaure
  3702 | D:5      | Killed Menkaure
  3703 | D:5      | Reached skill level 3 in Spellcasting
  3703 | D:5      | Reached skill level 3 in Ice Magic
  3703 | D:5      | Gained mutation: You are completely covered in icy blue
                  | scales. (AC +4, rC+) [demonic ancestry]
  3703 | D:5      | Reached XP level 7. HP: 39/50 MP: 7/11
  3714 | Temple   | Entered the Ecumenical Temple
  3723 | Temple   | Became a worshipper of Dithmenos the Shadowed
  3833 | D:5      | Reached skill level 4 in Hexes
  4114 | D:5      | Reached skill level 5 in Stealth
  4237 | D:5      | Gained mutation: Your touch may inflict minor irresistible
                  | damage on your foes. [demonic ancestry]
  4237 | D:5      | Reached XP level 8. HP: 39/57 MP: 11/13
  4352 | D:5      | Reached skill level 4 in Short Blades
  4370 | D:5      | Found Hinwuwih's Armour Boutique.
  4445 | D:5      | Reached skill level 3 in Fighting
  4634 | D:5      | Reached skill level 4 in Ice Magic
  4758 | D:5      | Reached * piety under Dithmenos
  4776 | D:5      | HP: 14/58 [electric eel/bolt of electricity (12)]
  5042 | D:5      | Reached skill level 6 in Stealth
  5289 | D:5      | Found a snail-covered altar of Cheibriados.
  5535 | D:5      | Found Zihuiqifa's Magic Scroll Shoppe.
  5540 | D:5      | Bought a scroll of identify for 28 gold pieces
  5540 | D:5      | Bought a scroll of revelation for 105 gold pieces
  5540 | D:5      | Bought a scroll of identify for 28 gold pieces
  5540 | D:5      | Bought a scroll of identify for 28 gold pieces
  5540 | D:5      | Bought a scroll of identify for 28 gold pieces
  5587 | D:6      | You pick up a book of Changes and begin reading...
  5587 | D:6      | You add the spells Wereblood and Irradiate to your library.
  5636 | D:6      | Noticed Pikel
  5672 | D:6      | Killed Pikel
  5673 | D:6      | Reached skill level 5 in Short Blades
  5673 | D:6      | Reached skill level 4 in Spellcasting
  5673 | D:6      | Reached skill level 5 in Hexes
  5673 | D:6      | Reached skill level 5 in Ice Magic
  5673 | D:6      | Reached XP level 9. HP: 48/65 MP: 6/15
  5849 | D:6      | Reached skill level 4 in Fighting
  6180 | D:6      | Learned a level 3 spell: Dazzling Flash
  6499 | D:7      | Reached skill level 7 in Stealth
  6525 | D:7      | Reached skill level 6 in Short Blades
  6620 | D:7      | Identified the +1 scale mail of Activism {rElec rN+ Str+2
                  | Dex+2}
  6653 | D:7      | Noticed Jeremiah
  6657 | D:7      | Killed Jeremiah
  7303 | D:8      | You pick up a book of Party Tricks and begin reading...
  7303 | D:8      | You add the spells Apportation, Jinxbite and Alistair's
                  | Intoxication to your library.
  7411 | D:8      | Gained mutation: Your touch may inflict irresistible damage
                  | on your foes. [demonic ancestry]
  7411 | D:8      | Reached XP level 10. HP: 73/73 MP: 17/17
  7438 | D:8      | Reached ** piety under Dithmenos
  7588 | D:8      | Reached skill level 5 in Fighting
  7588 | D:8      | Reached skill level 1 in Armour
  7588 | D:8      | Reached skill level 5 in Spellcasting
  7669 | D:8      | Noticed Prince Ribbit
  7688 | D:8      | HP: 18/74 [Prince Ribbit (2)]
  7689 | D:8      | HP: 5/74 [Prince Ribbit (13)]
  7698 | D:8      | Killed Prince Ribbit
  7928 | D:8      | Reached skill level 8 in Stealth
  7934 | D:8      | Reached skill level 2 in Armour
  7934 | D:8      | Reached skill level 6 in Hexes
  8663 | D:9      | Reached skill level 7 in Short Blades
  8696 | D:9      | Noticed a gargoyle
  8706 | D:9      | Killed a gargoyle
  8707 | D:9      | Reached skill level 3 in Armour
  8749 | D:9      | Found a flagged portal.
  8758 | Bailey   | Entered a bailey
  8982 | Bailey   | Noticed an orc knight
  8989 | Bailey   | Killed an orc knight
  9204 | Bailey   | Reached XP level 11. HP: 78/81 MP: 19/19
  9272 | Bailey   | Found an iron altar of Okawaru.
  9302 | Bailey   | Reached *** piety under Dithmenos
  9303 | Bailey   | Reached skill level 4 in Armour
  9917 | D:9      | Acquired the +9 quick blade "Jellyslayer" {heavy, rElec
                  | rPois rCorr}
  9918 | D:9      | x - the +9 quick blade "Jellyslayer" {heavy, rElec rPois
                  | rCorr, rare}
  9919 | D:9      | x - the +9 quick blade "Jellyslayer" (weapon) {heavy, rElec
                  | rPois rCorr, rare}
  9936 | D:9      | Reached skill level 9 in Stealth
  9944 | D:9      | Reached skill level 6 in Fighting
 10122 | D:9      | Found a burning altar of Makhleb.
 10568 | D:10     | Entered Level 10 of the Dungeon
 10647 | D:10     | You pick up a book of Beasts and begin reading...
 10647 | D:10     | You add the spells Summon Ice Beast, Summon Mana Viper and
                  | Monstrous Menagerie to your library.
 10711 | D:10     | Found an opulent altar of Gozag.
 11328 | D:10     | Found a staircase to the Lair.
 11354 | D:11     | Reached skill level 2 in Dodging
 11377 | D:11     | Reached skill level 1 in Invocations
 11388 | D:11     | Reached skill level 6 in Spellcasting
 11424 | D:11     | Reached **** piety under Dithmenos
 11650 | D:11     | Found a staircase to the Orcish Mines.
 11686 | D:11     | Reached skill level 8 in Short Blades
 12082 | Lair:1   | Entered Level 1 of the Lair of Beasts
 12198 | Lair:1   | Reached skill level 7 in Hexes
 12226 | Lair:1   | Reached skill level 2 in Invocations
 12230 | Lair:1   | Reached skill level 5 in Armour
 12742 | Lair:1   | Reached skill level 3 in Dodging
 12886 | Lair:1   | Reached skill level 3 in Invocations
 12887 | Lair:1   | Reached XP level 12. HP: 89/89 MP: 21/21
 12991 | Lair:1   | Found a runed translucent gate.
 12991 | Lair:1   | Found a runed translucent gate.
 12991 | Lair:1   | Found a runed translucent gate.
 12997 | Lair:1   | Noticed Teacamy's ghost (journeyman MiBe)
 13220 | Lair:2   | Noticed a catoblepas
 13232 | Lair:2   | Killed a catoblepas
 13349 | Lair:2   | Reached skill level 10 in Stealth
 13483 | Lair:2   | Noticed a death yak
 13485 | Lair:2   | Reached skill level 1 in Shields
 13485 | Lair:2   | Noticed a death yak
 13499 | Lair:2   | HP: 14/89 [death yak[a torpor snail] (20)]
 13506 | Lair:2   | Killed a death yak
 13506 | Lair:2   | HP: 8/89 [death yak[a torpor snail] (9)]
 13757 | Lair:2   | Killed a death yak
 13764 | Lair:2   | Reached skill level 6 in Armour
 13768 | Lair:2   | Reached skill level 7 in Fighting
 13778 | Lair:2   | Identified the +1 buckler of Beogh, Hungering {rElec
                  | Stlth+}
 13865 | Lair:2   | Identified the +4 chain mail of Qiekhlaxim {Slay+5}
 13924 | Lair:2   | Reached skill level 9 in Short Blades
 13924 | Lair:2   | Reached skill level 4 in Invocations
 14031 | Lair:2   | HP: 15/91 [komodo dragon (11)]
 14036 | Lair:2   | Mangled by a komodo dragon

Vanquished Creatures
  A catoblepas (Lair:2)
  2 death yaks (Lair:2)
  Pikel (D:6)
  An orc knight (Bailey)
  3 gargoyles
  4 cane toads
  A torpor snail (Lair:2)
  3 kobold demonologists
  A rime drake (Lair:1)
  Jeremiah (D:7)
  12 komodo dragons
  A troll (D:11)
  4 blink frogs (Lair:1)
  Prince Ribbit (D:8)
  2 shadows
  3 wyverns
  21 yaks
  A basilisk (Lair:2)
  3 steam dragons
  Menkaure (D:5)
  An acid dragon (D:10)
  4 water moccasins
  15 orc warriors
  2 ice beasts
  2 sky beasts
  2 black bears
  3 ogres
  5 wolves (Lair:1)
  3 centaurs
  A phantom (D:5)
  A lemure (D:6)
  7 kobold brigands
  2 gnoll sergeants
  5 bullfrogs
  3 scorpions
  3 wights (D:10)
  10 killer bees
  10 electric eels
  7 howler monkeys
  9 orc priests
  4 hounds
  2 jellies (D:4)
  3 iguanas
  Ijyb (D:3)
  A gnoll bouda (D:8)
  11 orc wizards
  A mummy (D:5)
  3 adders
  17 gnolls
  3 white imps
  4 ufetubi (D:5)
  3 worms
  2 dart slugs
  34 orcs
  6 endoplasms
  5 giant cockroaches
  28 goblins
  12 hobgoblins
  7 jackals (D:3)
  33 kobolds
  4 quokkas
  11 ball pythons
  5 bats
  3 frilled lizards
  6 rats
371 creatures vanquished.

Table legend:
 A = Non-vault XP
 B = Vault XP
 C = Vault XP percentage of total XP
 D = Non-vault monster count
 E = Vault monster count
 F = Vault count percentage of total count
                 A         B        C        D         E       F
            +---------+---------+-------+---------+---------+-------
      Total |   22001 |    9024 |  29.1 |     271 |      99 |  26.8
            +---------+---------+-------+---------+---------+-------
        D:1 |      44 |       0 |   0.0 |      28 |       0 |   0.0
        D:2 |      29 |       8 |  21.6 |      14 |       6 |  30.0
        D:3 |      56 |     169 |  75.1 |      20 |      15 |  42.9
        D:4 |     169 |     245 |  59.2 |      10 |       4 |  28.6
        D:5 |     717 |    1045 |  59.3 |      23 |      14 |  37.8
        D:6 |     579 |     651 |  52.9 |       9 |       1 |  10.0
        D:7 |    1297 |     365 |  22.0 |      13 |       1 |   7.1
        D:8 |    1836 |     571 |  23.7 |      33 |       4 |  10.8
        D:9 |    2018 |       8 |   0.4 |      27 |       4 |  12.9
       D:10 |    1007 |       0 |   0.0 |      22 |       0 |   0.0
       D:11 |    2296 |       0 |   0.0 |      29 |       0 |   0.0
     Lair:1 |    6467 |       0 |   0.0 |      29 |       0 |   0.0
     Lair:2 |    5486 |    3006 |  35.4 |      14 |      11 |  44.0
     Bailey |       0 |    2956 | 100.0 |       0 |      39 | 100.0
            +---------+---------+-------+---------+---------+-------

Skill      XL: |  1  2  3  4  5  6  7  8  9 10 11 12 |
---------------+-------------------------------------+-----
Short Blades   | 1 2 3 5 6 7 8 9 |  9.0
Stealth        | 3 4 5 6 7 8 9 10 | 10.3
Ice Magic      | 1 2 3 5 |  5.0
Fighting       | 1 2 3 4 5 6 7 |  7.1
Spellcasting   | 3 4 5 6 |  6.8
Hexes          | 4 5 6 7 |  7.6
Armour         | 3 5 6 |  6.3
Dodging        | 3 |  3.7
Invocations    | 3 4 |  4.2
Shields        | 1 |  1.9

Action                     |  1- 3 |  4- 6 |  7- 9 | 10-12 || total
---------------------------+-------+-------+-------+-------++-------
  Melee: Dagger            |   215 |   168 |   237 |   277 ||   897
         Punch             |     1 |       |     3 |    10 ||    14
         Touch             |       |       |    35 |   132 ||   167
         Quick blade       |       |       |       |   438 ||   438
   Cast: Ensorcelled Hiber |    13 |    17 |    27 |    26 ||    83
         Confusing Touch   |       |     1 |     4 |     1 ||     6
  Evoke: Wand              |       |       |     7 |     3 ||    10
    Use: Scroll            |     1 |     4 |     9 |     9 ||    23
         Potion            |       |     1 |       |     2 ||     3
   Stab: Sleeping          |    18 |    17 |    29 |    28 ||    92
         Invisible         |       |     1 |       |       ||     1
         Confused          |       |     1 |     3 |     1 ||     5
         Distracted        |       |       |       |     4 ||     4
 Armour: Robe              |   104 |    78 |   159 |    21 ||   362
         Steam dragon scal |       |       |       |    54 ||    54
         Scale mail        |       |       |       |   191 ||   191
         Chain mail        |       |       |       |    24 ||    24
  Dodge: Dodged            |   126 |    76 |   149 |   351 ||   702
  Block: Other             |    36 |    27 |    98 |   159 ||   320
         Reflection        |       |       |       |     5 ||     5
         Buckler           |       |       |       |    63 ||    63

Illustrated notes

Table legend:
 A = Kills in this place as a percentage of kills in the entire game.
 B = Kills by you in this place as a percentage of kills by you in the entire game.
 C = Kills by friends in this place as a percentage of kills by friends in the entire game.
 D = Other kills in this place as a percentage of other kills in the entire game.
 E = Experience gained in this place as a percentage of experience gained in the entire game.
 F = Experience gained in this place divided by the number of levels of this place that you have seen.
                   A       B       C       D       E      F
               +-------+-------+-------+-------+-------+----------------------
         Total | 100.0 | 100.0 |   N/A | 100.0 | 100.0 | 2068.3
       Dungeon |  74.9 |  74.7 |   N/A | 100.0 |  42.3 | 1191.8
          Lair |  14.6 |  14.7 |   N/A |   0.0 |  48.2 | 7479.5
        Bailey |  10.5 |  10.6 |   N/A |   0.0 |   9.5 | 2956.0
               +-------+-------+-------+-------+-------+----------------------

Table legend: (Time is in decaauts)
 A = Elapsed time spent in this place.
 B = Non-inter-level travel time spent in this place.
 C = Inter-level travel time spent in this place.
 D = Time resting spent in this place.
 E = Time spent auto-exploring this place.
 F = Levels seen in this place.
 G = Mean time per level.
                   A        B        C        D        E       F      G
               +--------+--------+--------+--------+--------+-----+--------+
         Total |  13969 |  13544 |    425 |   1284 |   9474 |  15 |  931.3 |
       Dungeon |  10814 |  10564 |    250 |    699 |   7821 |  11 |  983.1 |
        Temple |     18 |      1 |     17 |      0 |      0 |   1 |   18.0 |
          Lair |   1995 |   1839 |    156 |    275 |   1172 |   2 |  997.5 |
        Bailey |   1140 |   1140 |      0 |    310 |    480 |   1 | 1140.0 |
               +--------+--------+--------+--------+--------+-----+--------+

Top non-repeatable levels by time:
     D:5: 1864 daAuts
  Lair:1: 1387 daAuts
     D:3: 1255 daAuts
     D:8: 1252 daAuts
  Bailey: 1140 daAuts
     D:4: 1003 daAuts
     D:7: 909 daAuts
     D:1: 837 daAuts
     D:6: 815 daAuts
     D:9: 807 daAuts
    D:10: 796 daAuts
    D:11: 735 daAuts
  Lair:2: 608 daAuts
     D:2: 537 daAuts
  Temple: 18 daAuts
